 Dungeon Crawl Stone Soup version 0.18.1-47-g9310371 (console) character file.

172 Kloppie the Chopper (level 5, -4/47 HPs)
             Began as a Hill Orc Fighter on June 19, 2016.
             Killed by divine providence
             ... invoked by an orc priest
              (15 damage)
             ... on level 4 of the Dungeon.
             The game lasted 00:03:53 (2642 turns).

Kloppie the Chopper (Hill Orc Fighter)              Turns: 2642, Time: 00:03:54

Health: -4/47      AC:  8    Str: 19    XL:     5   Next: 52%
Magic:  5/5        EV:  7    Int:  8    God:
Gold:   174        SH:  0    Dex: 11    Spells: 0 memorised, 4 levels left

rFire  . . .     SeeInvis .     a - +0 war axe
rCold  . . .     Gourm    .     b - +0 scale mail
rNeg   . . .     Faith    .     c - +0 shield
rPois  .         Spirit   .     (no helmet)
rElec  .         Dismiss  .     (no cloak)
rCorr  .         Reflect  +     (no gloves)
SustAt .         Harm     .     v - +0 pair of boots
MR     .....                    i - +4 amulet of reflection
Stlth  ..........               (no ring)
                                (no ring)

@: confused, not resistant to hostile enchantments, extremely unstealthy
A: no striking features
a: Convert to Beogh


You were on level 4 of the Dungeon.
You were very hungry.

You visited 1 branch of the dungeon, and saw 4 of its levels.

You collected 174 gold pieces.

Inventory:

Hand Weapons
 a - a +0 war axe (weapon)
Missiles
 k - a throwing net (quivered)
Armour
 b - a +0 scale mail (worn)
 c - a +0 shield (worn)
 v - a +0 pair of boots (worn)
Jewellery
 i - a +4 amulet of reflection (around neck)
Wands
 w - a wand of iceblast (9/15)
Scrolls
 l - 4 scrolls of identify {unknown}
 m - 3 scrolls of teleportation {unknown}
 n - a scroll of fear {unknown}
 p - a scroll of immolation {unknown}
 t - a scroll of enchant weapon {unknown}
 x - a scroll of remove curse {unknown}
Potions
 d - a potion of might
 e - a potion of haste {unknown}
 h - 4 potions of flight {unknown}
 j - a potion of cure mutation {unknown}
 o - 4 potions of curing {unknown}
 q - a potion of agility {unknown}
 r - a potion of berserk rage {unknown}
 s - a potion of degeneration {unknown}
Comestibles
 f - 2 bread rations
 g - a beef jerky
 u - a meat ration


   Skills:
 + Level 4.5 Fighting
 + Level 4.7 Axes
 + Level 4.3 Armour
 + Level 4.2 Shields


You had 4 spell levels left.
You didn't know any spells.

Dungeon Overview and Level Annotations

Branches:
Dungeon (4/15)
 Temple: D:4-7

Altars:


Message History

The orc priest shouts, "Join the one true god or die!"
The orc priest hits you but does no damage.
Something completely misses you. The orc priest completely misses you.
You completely miss something. You hit the orc priest.
The orc priest is almost dead.
Something hits you but does no damage.
The orc priest shouts, "Surrender to Beogh and we'll let you live!"
The orc priest hits you but does no damage.
The orc priest shouts, "Beogh is our master!
Accept the truth or die!"
The orc priest hits you but does no damage.
You hear some strange, mumbled words.
Something tries to affect you, but you resist.
The orc priest invokes the aid of Beogh against you.
Beogh smites you!
* * * LOW HITPOINT WARNING * * *
You hear some strange, mumbled words.
Something tries to affect you, but you resist.
The orc priest invokes the aid of Beogh against you.
Beogh smites you!
You die...

.# #.# #.# #.#
#.# #.#####.##
#........#
#........#
########........#
#...)......).@..#
#...........{o..#
#.........#...###
#.........#...#
#.........#...#
#.........#...#
#.........#####
#.........#
#.........#


You could see an orc priest.

Vanquished Creatures
  A howler monkey (D:4)
  Natasha (D:1)
  5 adders
  An adder skeleton (D:4)
  A worm (D:1)
  2 orcs
  3 giant cockroaches
  9 goblins
  4 hobgoblins
  2 jackals (D:3)
  7 kobolds
  A quokka (D:2)
  5 ball pythons
  8 bats
  3 giant newts
  9 rats
62 creatures vanquished.

Notes
Turn   | Place    | Note
--------------------------------------------------------------
     0 | D:1      | Kloppie the Hill Orc Fighter began the quest for the Orb.
     0 | D:1      | Reached XP level 1. HP: 19/19 MP: 1/1
   144 | D:1      | Reached XP level 2. HP: 27/27 MP: 2/2
   844 | D:1      | Reached XP level 3. HP: 32/33 MP: 3/3
  1085 | D:2      | Noticed Natasha
  1098 | D:1      | Killed Natasha
  1280 | D:2      | Reached XP level 4. HP: 39/40 MP: 4/4
  2039 | D:3      | Reached XP level 5. HP: 47/47 MP: 5/5
  2642 | D:4      | Killed from afar by an orc priest

Skill      XL: |  1  2  3  4  5 |
---------------+----------------+-----
Axes           | 3 4 |  4.7
Fighting       | 4 |  4.5
Armour         | 4 |  4.3
Shields        | 4 |  4.2

Action                   |  1- 3 |  4- 6 || total
-------------------------+-------+-------++-------
Melee: War axe           |   146 |   144 ||   290
  Eat: Chunk             |     1 |     4 ||     5
Armor: Scale mail        |    80 |    66 ||   146
Dodge: Dodged            |    57 |    46 ||   103
Block: Shield            |    88 |   115 ||   203
       Reflection        |       |     1 ||     1
